 Dungeon Crawl Stone Soup version 0.28-a0-987-g8383568036 (webtiles) character file.

Game seed: 13103441537059805911

128 Decritt the Skirmisher (level 5, -2/34 HPs)
             Began as a Gargoyle Fighter on Dec 4, 2021.
             Slain by an ogre (11 damage)
             ... on level 3 of the Dungeon.
             The game lasted 00:04:35 (3208 turns).

Decritt the Skirmisher (Gargoyle Fighter)           Turns: 3208, Time: 00:04:36

Health: -2/34      AC: 12    Str: 22    XL:     5   Next: 12%
Magic:  5/5        EV:  5    Int:  8    God:
Gold:   99         SH: 11    Dex:  9    Spells: 4/4 levels left

rFire   . . .      SeeInvis .   s - +0 whip
rCold   . . .      Faith    .   u - +0 tower shield
rNeg    + . .      Spirit   .   b - +0 scale mail
rPois   ∞          Reflect  .   (no helmet)
rElec   +          Harm     .   j - +0 cloak
rCorr   .          Rampage  .   (no gloves)
Will    .....                   (no boots)
Stlth   ..........              (no amulet)
HPRegen 0.11/turn               (no ring)
MPRegen 0.09/turn               (no ring)

@: no status effects
A: sickness immunity, AC +4, negative energy resistance 1, electricity
resistance, torment resistance 1, petrification resistance
a: no special abilities


You were on level 3 of the Dungeon.
You visited 1 branch of the dungeon, and saw 3 of its levels.

You collected 99 gold pieces.

Inventory:

Hand Weapons
 s - a +0 whip (weapon)
Missiles
 q - 11 poisoned darts (quivered)
Armour
 b - a +0 scale mail (worn)
 j - a +0 cloak (worn)
 u - a +0 tower shield (worn)
Scrolls
 a - a scroll of identify {unknown}
 e - 2 scrolls of teleportation {unknown}
 f - a scroll of summoning {unknown}
 g - a scroll of immolation {unknown}
 h - a scroll of enchant weapon {unknown}
 i - 2 scrolls of magic mapping {unknown}
 k - 2 scrolls of noise {unknown}
 n - a scroll of brand weapon {unknown}
 p - a scroll of fog {unknown}
 r - a scroll of holy word {unknown}
Potions
 c - a potion of degeneration {unknown}
 d - a potion of might
 l - a potion of attraction {unknown}
 m - a potion of haste {unknown}
 o - a potion of flight {unknown}
 t - 3 potions of curing {unknown}


   Skills:
 * Level 4.6 Fighting
 * Level 3.4 Maces & Flails
 + Level 4.0 Armour
 + Level 3.5 Shields


You had 4 spell levels left.
You didn't know any spells.
Your spell library contained the following spells:

 Spells                   Type           Power      Damage    Failure   Level
 Pain                     Necr           0%         1d4       100%        1
 Corpse Rot               Necr/Air       0%         N/A       100%        2
 Poisonous Vapours        Pois/Air       0%         N/A       100%        2
 Agony                    Necr           0%         N/A       100%        5
 Excruciating Wounds      Necr           0%         N/A       100%        5


Dungeon Overview and Level Annotations

Branches:
Dungeon (3/15)

Altars:
Vehumet


Innate Abilities, Weirdness & Mutations

You are immune to sickness and miasma.
Your stone body is resilient. (AC +4)
You are immune to poison.
You resist negative energy. (rN+)
You are resistant to electric shocks. (rElec)
You are resistant to unholy torment.
You are immune to petrification.


Message History

The adder barely misses you. The adder bites you but does no damage.
You hit the adder but do no damage.
The adder is heavily wounded.
The adder bites you but does no damage.
You hit the adder.
The adder is severely wounded.
The adder bites you. You block the adder's attack.
You whack the adder!
You kill the adder!
q - 11 poisoned darts (gained 1)
Found a dagger.
A kobold comes into view. It is wielding a +0 club.
You see here a +0 dagger.
You throw a poisoned dart. The poisoned dart hits the kobold.
The kobold shouts!
The kobold throws a stone.
You block the stone.
You hit the kobold.
You kill the kobold!
No target in view!
No target in view!
No target in view!
c - a yellow potion
Things that are here:
a +0 club; 2 stones; a kobold corpse
q - 11 poisoned darts (gained 1)
An ogre comes into view. It is wielding a +0 giant spiked club.
The ogre shouts!
You barely miss the ogre.
The ogre hits you with a +0 giant spiked club.
Your shield and scale mail prevent you from hitting the ogre.
The ogre hits you with a +0 giant spiked club!
* * * LOW HITPOINT WARNING * * *
The ogre hits you with a +0 giant spiked club!
* * * LOW HITPOINT WARNING * * *
Okay, then.
Okay, then.
Things that are here:
a +0 club; 2 stones; a kobold corpse The ogre hits you with a +0 giant spiked club!
You die...

.# #.#####.#######.### .#
#.................# .###
#######)###########
...#############.).......
...##.....#.......###########
...##.###.#.####.###........#
...##.# #.# #.#>..######.#
...##.# #.# #O#.#.# #.###
...'..# #.####
#@#...######.#.# <..####
#.#..# #.###.##.....#.# ...#
#.#.##^#.# #.##.#####.# ####
#.#....#.# #.##.# #.#
#.#.####.# #.##.# #.#
#.#.####.###.##.# #.#
#.#..........##.#####.#
#.######.######.......#
#.######.# #########


You could see an ogre.

Vanquished Creatures
  An iguana (D:3)
  5 adders
  2 worms
  A dart slug (D:2)
  5 ball pythons
  2 endoplasms
  4 giant cockroaches
  7 hobgoblins
  3 jackals (D:2)
  A quokka (D:1)
  5 bats (D:1)
  2 frilled lizards (D:3)
  7 goblins
  A kobold (D:3)
  3 rats
49 creatures vanquished.

Notes
Turn   | Place    | Note
-------+----------+-------------------------------------------
     0 | D:1      | Decritt the Gargoyle Fighter began the quest for the Orb.
     0 | D:1      | Reached XP level 1. HP: 14/14 MP: 1/1
    19 | D:1      | Found a faded altar of an unknown god.
   215 | D:1      | Reached XP level 2. HP: 19/19 MP: 2/2
  1250 | D:2      | Reached XP level 3. HP: 24/24 MP: 3/3
  1707 | D:2      | Reached XP level 4. HP: 29/29 MP: 4/4
  1802 | D:2      | Found a radiant altar of Vehumet.
  2779 | D:3      | Reached XP level 5. HP: 31/34 MP: 5/5
  3166 | D:3      | Noticed an ogre
  3208 | D:3      | Slain by an ogre

Illustrated notes

Levels and vault maps discovered:
D:1:      co_arrival_random_square_maze, layout_basic,
          ebering_ecumenical_altar_sacrificial
D:2:      layout_basic, basic_altar, minmay_misc_feat_chi
D:3:      layout_basic

Skill      XL: |  1  2  3  4 |
---------------+-------------+-----
Fighting       | 4 |  4.6
Maces & Flails | 3 |  3.4
Armour         | 4 |  4.0
Shields        | |  3.5

Action                   |  1- 3 |  4- 6 || total
-------------------------+-------+-------++-------
Melee: Flail             |   113 |     4 ||   117
       Whip              |       |    52 ||    52
Throw: Dart              |     4 |    37 ||    41
Armor: Scale mail        |    93 |    30 ||   123
Dodge: Dodged            |    72 |     4 ||    76
Block: Buckler           |    41 |     1 ||    42
       Tower shield      |       |    22 ||    22

Table legend: (Time is in decaauts)
 A = Elapsed time spent in this place.
 B = Non-inter-level travel time spent in this place.
 C = Inter-level travel time spent in this place.
 D = Time resting spent in this place.
 E = Time spent auto-exploring this place.
 F = Levels seen in this place.
 G = Mean time per level.
                   A        B        C        D        E       F      G
               +--------+--------+--------+--------+--------+-----+--------+
         Total |   3270 |   3230 |     40 |    211 |   2446 |   3 | 1090.0 |
       Dungeon |   3270 |   3230 |     40 |    211 |   2446 |   3 | 1090.0 |
               +--------+--------+--------+--------+--------+-----+--------+

Top non-repeatable levels by time:
     D:3: 1227 daAuts
     D:1: 1149 daAuts
     D:2: 893 daAuts
